TOP OF THE 1ST |
Vanderbilt University Commodores batting - Pitching for University of Toronto Marlies : RHP Matt Lane
|
Pitching: RHP Matt Lane
|
|
Batting: RHB Mike Weeks
|
0-0: Ball 1-0: Foul Ball, location: 2F 1-1: Called Strike 1-2: Foul Ball, location: 2F 1-2: Foul Ball, location: 2F 1-2: Strikes out looking
|
Batting: RHB Jelani Griffin
|
0-0: Ball 1-0: Swinging Strike 1-1: Fly out, F8 (Flyball, 89M, EV 91.9 MPH)
|
Batting: RHB Jose Ramos
|
0-0: SINGLE (Groundball, 56D, EV 101.9 MPH)
|
Batting: LHB Tony Olmos
|
0-0: Ball Jose Ramos is caught stealing 2nd base 2-6
|
Top of the 1st over - 0 runs, 1 hit, 0 errors, 0 left on base; Vanderbilt University 0 - University of Toronto 0 |
BOTTOM OF THE 1ST |
University of Toronto Marlies batting - Pitching for Vanderbilt University Commodores : RHP Gabriel Marsh
|
Pitching: RHP Gabriel Marsh
|
|
Batting: SHB Jose Melendez
|
0-0: Swinging Strike 0-1: Ball 1-1: Called Strike 1-2: Strikes out swinging
|
Batting: SHB Shannon Britten
|
0-0: Ball 1-0: Ball 2-0: Ball 3-0: Called Strike 3-1: Ground out U3 (Groundball, 3, EV 106.9 MPH)
|
Batting: SHB Jack Tierney
|
0-0: Ball 1-0: Ball 2-0: Foul Ball, location: 2F 2-1: Ball 3-1: Swinging Strike 3-2: DOUBLE (Line Drive, 7LS, EV 99.4 MPH)
|
Batting: LHB Efrem Isaev
|
0-0: Ball 1-0: Swinging Strike 1-1: Ball 2-1: Swinging Strike 2-2: Foul Ball, location: 2F 2-2: Ground out U3 (Groundball, 3L, EV 82.5 MPH)
|
Bottom of the 1st over - 0 runs, 1 hit, 0 errors, 1 left on base; Vanderbilt University 0 - University of Toronto 0 |
TOP OF THE 2ND |
Vanderbilt University Commodores batting - Pitching for University of Toronto Marlies : RHP Matt Lane
|
Batting: LHB Tony Olmos
|
0-0: Called Strike 0-1: Fly out, F8 (Flyball, 8LD, EV 102.5 MPH)
|
Batting: LHB Dennis French
|
0-0: DOUBLE (Line Drive, 78XD, EV 109.4 MPH)
|
Batting: LHB Garret Mathis
|
0-0: Foul Ball, location: 2F 0-1: Ball 1-1: Ball 2-1: Fly out, F9 (Flyball, 9LD, EV 92.5 MPH) Runner from 2nd tags up, SAFE at 3rd, no throw by RF
|
Batting: RHB Ryan Wright
|
0-0: Called Strike 0-1: Ball 1-1: Called Strike 1-2: Ground out 5-3 (Groundball, 5S, EV 80.0 MPH)
|
Top of the 2nd over - 0 runs, 1 hit, 0 errors, 1 left on base; Vanderbilt University 0 - University of Toronto 0 |
BOTTOM OF THE 2ND |
University of Toronto Marlies batting - Pitching for Vanderbilt University Commodores : RHP Gabriel Marsh
|
Batting: RHB Logan Johnson
|
0-0: Foul Ball, location: 2F 0-1: Ball 1-1: Foul Ball, location: 2F 1-2: SOLO HOME RUN (Flyball, 7D, EV 95.0 MPH), Distance : 379 ft
|
Batting: RHB Elmar Adenauer
|
0-0: Foul Ball, location: 2F 0-1: Ball 1-1: Foul Ball, location: 2F 1-2: Foul Ball, location: 2F 1-2: Ball 2-2: Foul Ball, location: 2F 2-2: Ground out 5-3 (Groundball, 56, EV 78.8 MPH)
|
Batting: RHB Jeff McClellan
|
0-0: Called Strike 0-1: Ball 1-1: Ground out 4-3 (Groundball, 4, EV 90.6 MPH)
|
Batting: SHB Ronnie Lundy
|
0-0: Ball 1-0: Called Strike 1-1: Fly out, F2 (Popup, 2R, EV 98.1 MPH)
|
Bottom of the 2nd over - 1 run, 1 hit, 0 errors, 0 left on base; Vanderbilt University 0 - University of Toronto 1 |
TOP OF THE 3RD |
Vanderbilt University Commodores batting - Pitching for University of Toronto Marlies : RHP Matt Lane
|
Batting: LHB Jessie Whedbee
|
0-0: Called Strike 0-1: SINGLE (Flyball, 6MD, EV 88.8 MPH)
|
Batting: RHB Ryan Cole
|
0-0: Called Strike 0-1: Ball 1-1: Ball 2-1: Foul Ball, location: 2F 2-2: Strikes out swinging
|
Batting: RHB Mike Weeks
|
0-0: Foul Ball, location: 2F 0-1: Grounds into double play, 5-4-3 (Groundball, 5, EV 101.9 MPH)
|
Top of the 3rd over - 0 runs, 1 hit, 0 errors, 0 left on base; Vanderbilt University 0 - University of Toronto 1 |
BOTTOM OF THE 3RD |
University of Toronto Marlies batting - Pitching for Vanderbilt University Commodores : RHP Gabriel Marsh
|
Batting: RHB George Sonier
|
0-0: Ball 1-0: Called Strike 1-1: Ball 2-1: Ball 3-1: Foul Ball, location: 2F 3-2: Base on Balls
|
Batting: SHB Jose Melendez
|
0-0: SINGLE (Groundball, 34D, EV 103.8 MPH) George Sonier to second Runner from 2nd tries for 3rd, SAFE, throw by RF made to third
|
Batting: SHB Shannon Britten
|
0-0: Grounds into double play, 4-6-3 (Groundball, 4, EV 101.9 MPH) George Sonier scores
|
Batting: SHB Jack Tierney
|
0-0: Called Strike 0-1: Foul Ball, location: 2F 0-2: Fly out, F9 (Flyball, 89M, EV 85.0 MPH)
|
Bottom of the 3rd over - 1 run, 1 hit, 0 errors, 0 left on base; Vanderbilt University 0 - University of Toronto 2 |
TOP OF THE 4TH |
Vanderbilt University Commodores batting - Pitching for University of Toronto Marlies : RHP Matt Lane
|
Batting: RHB Jelani Griffin
|
0-0: Ball 1-0: Called Strike 1-1: Ball 2-1: Foul Ball, location: 2F 2-2: Foul Ball, location: 2F 2-2: Foul Ball, location: 2F 2-2: Foul Ball, location: 2F 2-2: Foul Ball, location: 2F 2-2: SINGLE (Groundball, 34D, EV 97.5 MPH)
|
Batting: RHB Jose Ramos
|
0-0: Fly out, F8 (Flyball, 8RD, EV 99.4 MPH)
|
Batting: LHB Tony Olmos
|
0-0: Swinging Strike 0-1: Ball 1-1: Ball 2-1: Foul Ball, location: 2F 2-2: Foul Ball, location: 2F 2-2: Ball 3-2: Strikes out swinging
|
Batting: LHB Dennis French
|
0-0: Ball 1-0: Ball 2-0: DOUBLE (Line Drive, 7LD, EV 109.4 MPH) Jelani Griffin to third Runner from 3rd tries for Home, SAFE, no throw by LF
|
Batting: LHB Garret Mathis
|
0-0: Swinging Strike 0-1: Ground out 6-3 (Groundball, 6, EV 88.1 MPH)
|
Top of the 4th over - 1 run, 2 hits, 0 errors, 1 left on base; Vanderbilt University 1 - University of Toronto 2 |
BOTTOM OF THE 4TH |
University of Toronto Marlies batting - Pitching for Vanderbilt University Commodores : RHP Gabriel Marsh
|
Batting: LHB Efrem Isaev
|
0-0: Ball 1-0: Ball 2-0: Foul Ball, location: 2F 2-1: Ball 3-1: Base on Balls
|
Batting: RHB Logan Johnson
|
0-0: Ball 1-0: Called Strike 1-1: Ball Efrem Isaev steals 2nd base 2-1: Foul Ball, location: 2F 2-2: Foul Ball, location: 2F 2-2: Strikes out swinging
|
Batting: RHB Elmar Adenauer
|
0-0: Ball 1-0: Called Strike Efrem Isaev steals 3rd base 1-1: Called Strike 1-2: Foul Ball, location: 2F 1-2: Ball 2-2: Fly out, F8 (Flyball, 8RM, EV 90.0 MPH) Runner from 3rd tags up, SCORES, no throw by CF
|
Batting: RHB Jeff McClellan
|
0-0: Called Strike 0-1: Ball 1-1: Ground out 3-1 (Groundball, 34S, EV 90.6 MPH)
|
Bottom of the 4th over - 1 run, 0 hits, 0 errors, 0 left on base; Vanderbilt University 1 - University of Toronto 3 |
TOP OF THE 5TH |
Vanderbilt University Commodores batting - Pitching for University of Toronto Marlies : RHP Matt Lane
|
Batting: RHB Ryan Wright
|
0-0: Ground out 5-3 (Groundball, 56, EV 108.8 MPH)
|
Batting: LHB Jessie Whedbee
|
0-0: Called Strike 0-1: Foul Ball, location: 2F 0-2: Ball 1-2: Strikes out swinging
|
Batting: RHB Ryan Cole
|
0-0: Foul Ball, location: 2F 0-1: Called Strike 0-2: Ball 1-2: SINGLE (Flyball, 89S, EV 84.4 MPH)
|
Batting: RHB Mike Weeks
|
0-0: Ball 1-0: SINGLE (Groundball, 34D, EV 101.9 MPH) Ryan Cole to second Runner from 2nd tries for 3rd, SAFE, no throw by RF
|
Batting: RHB Jelani Griffin
|
0-0: Called Strike 0-1: Ball 1-1: Foul Ball, location: 2F 1-2: Ball 2-2: Ball 3-2: Fly out, F8 (Flyball, 8RD, EV 89.4 MPH)
|
Top of the 5th over - 0 runs, 2 hits, 0 errors, 2 left on base; Vanderbilt University 1 - University of Toronto 3 |
BOTTOM OF THE 5TH |
University of Toronto Marlies batting - Pitching for Vanderbilt University Commodores : RHP Gabriel Marsh
|
Batting: SHB Ronnie Lundy
|
0-0: Fly out, F6 (Popup, 4M, EV 47.5 MPH)
|
Batting: RHB George Sonier
|
0-0: Ball 1-0: SINGLE (Groundball, 6MD, EV 104.4 MPH)
|
Batting: SHB Jose Melendez
|
0-0: Ball 1-0: Called Strike 1-1: Foul Ball, location: 2F 1-2: Strikes out swinging
|
Batting: SHB Shannon Britten
|
0-0: Foul Ball, location: 2F 0-1: Foul Ball, location: 2F 0-2: Ball 1-2: Fly out, F8 (Flyball, 8RXD, EV 76.2 MPH)
|
Bottom of the 5th over - 0 runs, 1 hit, 0 errors, 1 left on base; Vanderbilt University 1 - University of Toronto 3 |
TOP OF THE 6TH |
Vanderbilt University Commodores batting - Pitching for University of Toronto Marlies : RHP Matt Lane
|
Batting: RHB Jose Ramos
|
0-0: Ball 1-0: Ball 2-0: Called Strike 2-1: Ball 3-1: Foul Ball, location: 2F 3-2: Foul Ball, location: 2F 3-2: Base on Balls
|
Batting: LHB Tony Olmos
|
0-0: Called Strike 0-1: Foul Ball, location: 2F 0-2: Strikes out swinging
|
Batting: LHB Dennis French
|
0-0: Ball 1-0: Ground out 4-3 (Groundball, 34S, EV 63.1 MPH) Jose Ramos to second
|
Batting: LHB Garret Mathis
|
0-0: Ball 1-0: Swinging Strike 1-1: Ball 2-1: Fly out, F8 (Flyball, 89M, EV 88.8 MPH)
|
Top of the 6th over - 0 runs, 0 hits, 0 errors, 1 left on base; Vanderbilt University 1 - University of Toronto 3 |
BOTTOM OF THE 6TH |
University of Toronto Marlies batting - Pitching for Vanderbilt University Commodores : RHP Gabriel Marsh
|
Pitching: RHP Matt Lane
|
|
Batting: SHB Jack Tierney
|
0-0: Fly out, F8 (Flyball, 8RS, EV 89.4 MPH)
|
Batting: LHB Efrem Isaev
|
0-0: Fly out, F6 (Flyball, 6MD, EV 84.4 MPH)
|
Batting: RHB Logan Johnson
|
0-0: Fly out, F9 (Flyball, 9LM, EV 92.5 MPH)
|
Bottom of the 6th over - 0 runs, 0 hits, 0 errors, 0 left on base; Vanderbilt University 1 - University of Toronto 3 |
TOP OF THE 7TH |
Vanderbilt University Commodores batting - Pitching for University of Toronto Marlies : RHP Matt Lane
|
Pitching: RHP Norm Wamboldt
|
|
Batting: RHB Ryan Wright
|
0-0: Fly out, F8 (Line Drive, 8RD, EV 85.6 MPH)
|
Batting: LHB Jessie Whedbee
|
0-0: Foul Ball, location: 2F 0-1: Fly out, F8 (Line Drive, 8LM, EV 90.6 MPH)
|
Batting: RHB Ryan Cole
|
0-0: Called Strike 0-1: Called Strike 0-2: Ball 1-2: Ball 2-2: DOUBLE (Line Drive, 89D, EV 105.0 MPH)
|
Batting: RHB Mike Weeks
|
0-0: Ball 1-0: Ball 2-0: Called Strike 2-1: Ball 3-1: Foul Ball, location: 2F 3-2: Ground out 6-3 (Groundball, 6S, EV 67.5 MPH)
|
Top of the 7th over - 0 runs, 1 hit, 0 errors, 1 left on base; Vanderbilt University 1 - University of Toronto 3 |
BOTTOM OF THE 7TH |
University of Toronto Marlies batting - Pitching for Vanderbilt University Commodores : RHP Matt Lane
|
Batting: RHB Elmar Adenauer
|
0-0: Ball 1-0: Called Strike 1-1: Fly out, F9 (Flyball, 9, EV 95.6 MPH)
|
Batting: RHB Jeff McClellan
|
0-0: Foul Ball, location: 2F 0-1: SINGLE (Groundball, 4MD, EV 95.0 MPH)
|
Batting: SHB Ronnie Lundy
|
0-0: Called Strike 0-1: Ball 1-1: Ball 2-1: Ball 3-1: Foul Ball, location: 2F 3-2: Foul Ball, location: 2F 3-2: Base on Balls Jeff McClellan to second
|
Pitching: LHP Tim Dyer
|
|
Batting: RHB George Sonier
|
0-0: Foul Ball, location: 2F 0-1: SINGLE (Line Drive, 9S, EV 112.5 MPH) Jeff McClellan to third Ronnie Lundy to second
|
Batting: SHB Jose Melendez
|
0-0: Ball 1-0: SINGLE (Groundball, 56D, EV 107.5 MPH) Jeff McClellan scores Ronnie Lundy to third George Sonier to second
|
Batting: SHB Shannon Britten
|
0-0: Ball 1-0: Called Strike 1-1: Foul Ball, location: 2F Balk! Ronnie Lundy scores George Sonier to third Jose Melendez to second 1-2: SINGLE (Groundball, 25, EV 71.2 MPH) (infield hit)
|
Batting: SHB Jack Tierney
|
0-0: Ball 1-0: Ball 2-0: Foul Ball, location: 2F 2-1: Ball 3-1: Foul Ball, location: 2F 3-2: Fly out, F8 (Flyball, 8LM, EV 72.5 MPH) Runner from 3rd tags up, SCORES, throw by CF
|
Batting: LHB Efrem Isaev
|
0-0: Ball 1-0: Called Strike 1-1: Fly out, F9 (Flyball, 9LMF, EV 95.6 MPH)
|
Bottom of the 7th over - 3 runs, 4 hits, 0 errors, 2 left on base; Vanderbilt University 1 - University of Toronto 6 |
TOP OF THE 8TH |
Vanderbilt University Commodores batting - Pitching for University of Toronto Marlies : RHP Norm Wamboldt
|
Batting: RHB Jelani Griffin
|
0-0: Called Strike 0-1: Fly out, F9 (Flyball, 9LM, EV 96.9 MPH)
|
Batting: RHB Jose Ramos
|
0-0: Ball 1-0: Called Strike 1-1: Called Strike 1-2: Ball 2-2: Ball 3-2: Foul Ball, location: 2F 3-2: Foul Ball, location: 2F 3-2: Strikes out swinging
|
Batting: LHB Tony Olmos
|
0-0: Called Strike 0-1: Foul Ball, location: 2F 0-2: Ball 1-2: Strikes out swinging
|
Top of the 8th over - 0 runs, 0 hits, 0 errors, 0 left on base; Vanderbilt University 1 - University of Toronto 6 |
BOTTOM OF THE 8TH |
University of Toronto Marlies batting - Pitching for Vanderbilt University Commodores : LHP Tim Dyer
|
Batting: RHB Logan Johnson
|
0-0: Called Strike 0-1: Ball 1-1: Foul Ball, location: 2F 1-2: Foul Ball, location: 2F 1-2: Ball 2-2: Foul Ball, location: 2F 2-2: Foul Ball, location: 2F 2-2: Ball 3-2: Base on Balls
|
Batting: RHB Elmar Adenauer
|
0-0: Ball 1-0: Swinging Strike 1-1: Foul Ball, location: 2F 1-2: Ball 2-2: Foul Ball, location: 2F 2-2: Foul Ball, location: 2F 2-2: Foul Ball, location: 2F 2-2: Foul Ball, location: 2F 2-2: Ball 3-2: Ground out 4-3 (Groundball, 34, EV 87.5 MPH) Logan Johnson to second
|
Batting: RHB Jeff McClellan
|
0-0: Ball 1-0: Called Strike 1-1: Ball 2-1: Ground out 1-3 (Groundball, 34S, EV 66.9 MPH) Logan Johnson to third
|
Pitching: LHP Norm Franklin
|
|
Batting: SHB Ronnie Lundy
|
0-0: Foul Ball, location: 2F 0-1: Fly out, F7 (Line Drive, 78D, EV 90.6 MPH)
|
Bottom of the 8th over - 0 runs, 0 hits, 0 errors, 1 left on base; Vanderbilt University 1 - University of Toronto 6 |
TOP OF THE 9TH |
Vanderbilt University Commodores batting - Pitching for University of Toronto Marlies : RHP Norm Wamboldt
|
Pitching: LHP Archie Creelman
|
|
Batting: LHB Dennis French
|
0-0: Swinging Strike 0-1: Swinging Strike 0-2: Ball 1-2: Fly out, F7 (Flyball, 7D, EV 105.0 MPH)
|
Batting: LHB Garret Mathis
|
0-0: Called Strike 0-1: Ball 1-1: SINGLE (Line Drive, 78S, EV 106.2 MPH)
|
Batting: RHB Ryan Wright
|
0-0: Swinging Strike 0-1: Ball 1-1: Called Strike 1-2: Foul Ball, location: 2F 1-2: SINGLE (Groundball, 34D, EV 95.0 MPH) Garret Mathis to second
|
Batting: LHB Jessie Whedbee
|
0-0: Called Strike 0-1: SINGLE (Flyball, 5D, EV 92.5 MPH) Garret Mathis to third Ryan Wright to second
|
Batting: RHB Ryan Cole
|
0-0: Ball 1-0: Ball 2-0: Foul Ball, location: 2F 2-1: Ball 3-1: Grounds into double play, 6-4-3 (Groundball, 6, EV 106.9 MPH)
|
Top of the 9th over - 0 runs, 3 hits, 0 errors, 2 left on base; Vanderbilt University 1 - University of Toronto 6 |
|